 Dungeon Crawl Stone Soup version 0.31.0-32-g396128a36d (webtiles) character file.

Game seed: 1298271295965057662

1338 adizb the Fighter (level 8, -1/69 HPs)
             Began as a Demonspawn Monk on Mar 20, 2024.
             Slain by a small abomination (7 damage)
             ... on level 5 of the Dungeon.
             The game lasted 00:18:07 (3834 turns).

adizb the Fighter (Demonspawn Monk)                 Turns: 3834, Time: 00:18:11

Health: -1/69      AC: 16    Str: 14    XL:     8   Next: 35%
Magic:  8/8        EV:  7    Int: 11    God:
Gold:   211        SH:  0    Dex: 15    Spells: 7/7 levels left

rFire   . . .        a - +0 mace
rCold   . . .        d - orb {light}
rNeg    . . .        u - +0 chain mail
rPois   .            (helmet restricted)
rElec   .            k - +0 cloak
rCorr   .            e - +0 pair of gloves
SInv    .            j - +0 pair of boots
Will    +....        (no amulet) Stlth
                     l - ring of willpower
HPRegen 0.31/turn    o - +4 ring of protection
MPRegen 0.11/turn

%: no passive effects
@: glowing
A: horns 2, ignite blood 2, spiny 1
a: no special abilities


You were on level 5 of the Dungeon.
You visited 1 branch of the dungeon, and saw 5 of its levels.

You collected 211 gold pieces.

Inventory:

Hand Weapons
 a - a +0 mace (weapon)
 q - a +0 morningstar
Armour
 d - an orb of light (worn)
 e - a +0 pair of gloves (worn)
 f - a +0 helmet
 j - a +0 pair of boots (worn)
 k - a +0 cloak (worn)
 u - a +0 chain mail (worn)
Jewellery
 l - a ring of willpower (left hand)
 o - a +4 ring of protection (right hand)
Wands
 n - a wand of polymorph (8)
Scrolls
 b - 2 scrolls of amnesia
 h - a scroll of teleportation
 i - a scroll of poison
 s - a scroll of enchant armour {unknown}
 t - a scroll of noise {unknown}
Potions
 c - 2 potions of ambrosia
 g - 3 potions of haste
 m - a potion of mutation {unknown}
 p - a potion of might {unknown}


   Skills:
 * Level 8.6 Fighting
 + Level 5.8 Maces & Flails
 + Level 2.4 Armour
 - Level 2.6 Dodging


You had 7 spell levels left.
You didn't know any spells.
Your spell library contained the following spells:

 Spells                   Type           Power      Damage    Failure   Level
 Freeze                   Ice            0%         1d3       99%         1
 Kiss of Death            Conj/Necr      0%         2d5       99%         1
 Call Imp                 Summ           0%         N/A       100%        2
 Sublimation of Blood     Necr           0%         N/A       100%        2
 Call Canine Familiar     Summ           0%         N/A       100%        3
 Confusing Touch          Hex            0%         N/A       100%        3
 Frozen Ramparts          Ice            0%         1d1       100%        3
 Hailstorm                Conj/Ice       0%         3d5       100%        3
 Sigil of Binding         Hex            0%         N/A       100%        3
 Dimensional Bullseye     Hex/Tloc       0%         N/A       100%        4
 Dispel Undead            Necr           0%         3d6       100%        4
 Summon Hydra             Summ           0%         N/A       100%        7


Dungeon Overview and Level Annotations

Branches:
Dungeon (5/15)
 Temple: D:4-7

Altars:
Yredelemnul

Shops:
D:1 =

Portals:
Abyss: D:5

Annotations:
D:3 Edmund
D:5 Consumeair16's ghost, novice GnFi


Innate Abilities, Weirdness & Mutations

You have a pair of horns on your head.
Your demonic aura often causes spilled blood to erupt in flames.
You are partially covered in sharp spines.


Message History

You hit Consumeair16's ghost but do no damage.
You headbutt Consumeair16's ghost.
Consumeair16's ghost is severely damaged.
Consumeair16's ghost hits you!
You barely miss Consumeair16's ghost.
You headbutt Consumeair16's ghost, but do no damage.
Consumeair16's ghost is severely damaged.
Consumeair16's ghost hits you but does no damage.
You hit Consumeair16's ghost but do no damage.
You headbutt Consumeair16's ghost!
Consumeair16's ghost is almost destroyed.
Consumeair16's ghost hits you but does no damage.
You hit Consumeair16's ghost but do no damage.
You headbutt Consumeair16's ghost, but do no damage.
Consumeair16's ghost is almost destroyed.
The small abomination hits you but does no damage.
Consumeair16's ghost closely misses you.
You hit Consumeair16's ghost.
You headbutt Consumeair16's ghost, but do no damage.
Consumeair16's ghost is almost destroyed.
The small abomination hits you but does no damage.
Consumeair16's ghost hits you. The small abomination hits you!
You hit Consumeair16's ghost but do no damage.
Consumeair16's ghost is almost destroyed.
Consumeair16's ghost completely misses you.
The small abomination is struck by your spines.
The small abomination hits you but does no damage. x2
You hit Consumeair16's ghost but do no damage.
Consumeair16's ghost is almost destroyed.
Consumeair16's ghost hits you. The small abomination hits you.
The small abomination hits you!
* * * LOW HITPOINT WARNING * * *
You enter the transporter and appear at another place.
The small abomination hits you!
* * * LOW HITPOINT WARNING * * *
Consumeair16's ghost hits you.
* * * LOW HITPOINT WARNING * * *
The small abomination barely misses you.
The small abomination hits you!
You die...

#.##.........###...###..#.##...
#.##....##.....#.#..©..##..#...
#.##.....#....##.#...####.##...
#.###........##.:..○...^.##....
#.###...##..##.^#####.##.#.....
#.....[.....#.^. #..##...##...#
######).>...##)###...###.^#...#
####....###.......####...#
#.....@x..............#
#....x.W..............#
#....#######.##....#### ######
#....#..# # ##.#....# #
#.#....# # #.#.#..# # #.#....#
# #.##.#.# #


You could see 2 small abominations and Consumeair16's ghost.

Vanquished Creatures
  Eustachio (D:5)
  A water moccasin (D:5)
  2 ice beasts (D:5)
  A centaur (D:5)
  Blork the orc (D:4)
  A phantom (D:5)
  2 scorpions (D:5)
  2 jellies
  3 bombardier beetles (D:5)
  2 sleepcaps
  4 orc priests (D:5)
  Jessica (D:3)
  Terence (D:3)
  2 orc wizards (D:5)
  4 gnolls (D:5)
  5 adders
  An ufetubus (D:5)
  A dart slug (D:1)
  A ribbon worm (D:2)
  8 orcs (D:5)
  6 ball pythons
  5 endoplasms
  7 giant cockroaches
  4 hobgoblins
  2 jackals (D:2)
  6 kobolds
  3 quokkas
  4 bats
  3 frilled lizards
  5 goblins
  4 rats
93 creatures vanquished.

Notes
Turn   | Place    | Note
-------+----------+-------------------------------------------
     0 | D:1      | adizb the Demonspawn Monk began the quest for the Orb.
     0 | D:1      | Reached XP level 1. HP: 18/18 MP: 1/1
   262 | D:1      | Gained mutation: You are partially covered in sharp spines.
                  | [demonic ancestry]
   262 | D:1      | Reached XP level 2. HP: 21/24 MP: 2/2
   502 | D:1      | Found Huuze's Jewellery Boutique.
   537 | D:1      | Found a faded altar of an unknown god.
   709 | D:2      | Gained mutation: You have a pair of small horns on your
                  | head. [demonic ancestry]
   709 | D:2      | Reached XP level 3. HP: 24/30 MP: 3/3
   904 | D:2      | Noticed a phantom
   957 | D:2      | Reached skill level 4 in Fighting
  1406 | D:3      | Gained mutation: You have a pair of horns on your head.
                  | [demonic ancestry]
  1406 | D:3      | Reached XP level 4. HP: 35/38 MP: 4/4
  1458 | D:3      | Noticed Terence
  1470 | D:3      | Killed Terence
  1524 | D:3      | Noticed Jessica
  1528 | D:3      | Killed Jessica
  1671 | D:4      | Noticed Edmund
  1811 | D:4      | Noticed Blork the orc
  1905 | D:4      | Reached skill level 5 in Fighting
  1905 | D:4      | Gained mutation: Your demonic aura sometimes causes spilled
                  | blood to erupt in flames. [demonic ancestry]
  1905 | D:4      | Reached XP level 5. HP: 34/44 MP: 5/5
  2160 | D:4      | Found a basalt altar of Yredelemnul.
  2430 | D:4      | Killed Blork the orc
  2637 | D:5      | Entered Level 5 of the Dungeon
  2643 | D:5      | Noticed a water moccasin
  2650 | D:5      | Killed a water moccasin
  2651 | D:5      | Reached skill level 6 in Fighting
  2651 | D:5      | Reached XP level 6. HP: 35/52 MP: 6/6
  2871 | D:5      | Noticed Eustachio
  2876 | D:5      | Killed Eustachio
  2877 | D:5      | Reached XP level 7. HP: 59/59 MP: 7/7
  2889 | D:5      | Reached skill level 7 in Fighting
  2910 | D:5      | Reached skill level 5 in Maces & Flails
  3114 | D:5      | Found a transporter.
  3138 | D:5      | Found a transporter.
  3143 | D:5      | Noticed Consumeair16's ghost (novice GnFi)
  3144 | D:5      | Found a one-way gate to the infinite horrors of the Abyss.
  3160 | D:5      | Reached skill level 1 in Armour
  3469 | D:5      | Reached skill level 8 in Fighting
  3469 | D:5      | Gained mutation: Your demonic aura often causes spilled
                  | blood to erupt in flames. [demonic ancestry]
  3469 | D:5      | Reached XP level 8. HP: 54/68 MP: 8/8
  3834 | D:5      | Slain by a small abomination

Illustrated notes

Levels and vault maps discovered:
D:1:      lightli_arrival_statue_moat, layout_basic, serial_shops,
          nicolae_shop_getting_attention,
          shapermc_ecumenical_altar_starsandcircs
D:2:      layout_rooms, lightli_corner_chamber
D:3:      layout_basic, uniq_jessica, uniq_terence
D:4:      layout_layer_cave, kennysheep_ying_yang, uniq_blork_the_orc,
          uniq_edmund
D:5:      layout_loops_cross, gammafunk_ghost_abyssal_escape, uniq_eustachio

Skill      XL: |  1  2  3  4  5  6  7  8 |
---------------+-------------------------+-----
Maces & Flails | 3 4 5 |  5.8
Fighting       | 4 5 6 8 |  8.6
Armour         | 1 2 |  2.4
Dodging        | |  2.6

Action                     |  1- 3 |  4- 6 |  7- 9 || total
---------------------------+-------+-------+-------++-------
  Melee: Mace              |    85 |    61 |    90 ||   236
         Headbutt          |     6 |    13 |    34 ||    53
    Use: Scroll            |       |     4 |     2 ||     6
         Potion            |       |       |     1 ||     1
 Armour: Robe              |    31 |    11 |       ||    42
         Scale mail        |       |    23 |    18 ||    41
         Chain mail        |       |       |    73 ||    73
  Dodge: Dodged            |    53 |    33 |    43 ||   129
